 Dungeon Crawl Stone Soup version 0.29.1 (webtiles) character file.

Game seed: 5943865835556818039

15280 Ijustatesigmund the Blocker (level 12, 0/79 HPs)
             Began as a Gargoyle Fighter on Sept 13, 2022.
             Was an Elder of Cheibriados.
             Slain by a skeletal warrior
             ... wielding a +0 halberd
              (8 damage)
             ... on level 13 of the Dungeon.
             The game lasted 00:18:08 (13644 turns).

Ijustatesigmund the Blocker (Gargoyle Fighter)     Turns: 13644, Time: 00:18:09

Health: 0/79       AC: 30    Str: 31    XL:     12   Next: 25%
Magic:  18/18      EV: 10    Int: 23    God:    Cheibriados [****..]
Gold:   756        SH: 17    Dex: 25    Spells: 11/11 levels left

rFire   . . .      SeeInvis .   a - +3 flail (venom)
rCold   . . .      Faith    .   c - +2 kite shield
rNeg    + . .      Spirit   .   b - +0 plate armour
rPois   ∞          Reflect  .   (no helmet)
rElec   +          Harm     .   i - +1 cloak
rCorr   .          Rampage  .   A - +2 pair of gloves
Will    .....                   l - +1 pair of boots
Stlth   ..........              (no amulet)
HPRegen 0.23/turn               d - ring of wizardry
MPRegen 0.16/turn               n - +6 ring of dexterity

@: studying Shields, very slow
A: sickness immunity, AC +8, negative energy resistance 1, electricity
resistance, torment resistance 1, petrification resistance
a: Renounce Religion, Bend Time, Temporal Distortion, Slouch


You were on level 13 of the Dungeon.
You worshipped Cheibriados.
Cheibriados was greatly pleased with you.
You visited 2 branches of the dungeon, and saw 14 of its levels.

You collected 756 gold pieces.

Inventory:

Hand Weapons
 a - a +3 flail of venom (weapon)
 m - a +0 morningstar
Missiles
 p - 2 silver javelins (quivered)
Armour
 b - a +0 plate armour (worn)
 c - a +2 kite shield (worn)
 i - a +1 cloak (worn)
 l - a +1 pair of boots (worn)
 A - a +2 pair of gloves (worn)
Jewellery
 d - a ring of wizardry (left hand)
 j - a ring of fire
 n - a +6 ring of dexterity (right hand)
 q - a ring of ice
 z - a ring of positive energy
 F - a ring of willpower
Wands
 o - a wand of flame (21)
 v - a wand of mindburst (9)
 y - a wand of polymorph (7)
Scrolls
 f - 5 scrolls of identify
 r - 3 scrolls of magic mapping
 s - a scroll of brand weapon
 w - a scroll of fog
 B - a scroll of silence
 C - 2 scrolls of torment
 D - a scroll of teleportation
 G - a scroll of amnesia
Potions
 e - 4 potions of lignification
 g - 4 potions of heal wounds
 h - 2 potions of curing
 k - a potion of brilliance
 t - a potion of haste
 u - a potion of flight
 x - a potion of invisibility
 E - a potion of mutation
 H - a potion of might
 I - a potion of ambrosia
 J - a potion of attraction


   Skills:
 - Level 10.7 Fighting
 - Level 9.6 Maces & Flails
 - Level 7.4 Armour
 - Level 4.3 Dodging
 + Level 14.4 Shields
 + Level 9.3 Invocations
 - Level 4.4 Evocations


You had 11 spell levels left.
You didn't know any spells.
Your spell library contained the following spells:

 Spells                   Type           Power      Damage    Failure   Level
 Apportation              Tloc           0%         N/A       63%         1
 Freeze                   Ice            0%         1d3       63%         1
 Necrotise                Necr           0%         1d4       63%         1
 Sting                    Tmut/Pois      0%         1d3       63%         1
 Summon Small Mammal      Summ           0%         N/A       63%         1
 Poisonous Vapours        Pois/Air       0%         N/A       77%         2
 Scorch                   Fire           0%         2d5       77%         2
 Dazzling Flash           Conj/Hex       0%         N/A       92%         3
 Frozen Ramparts          Ice            0%         1d1       92%         3
 Vampiric Draining        Necr           0%         2d6       92%         3
 Airstrike                Air            0%         2d(0-16)  100%        4
 Anguish                  Hex/Necr       0%         N/A       100%        4
 Flame Wave               Conj/Fire      0%         2d4       100%        4
 Hailstorm                Conj/Ice       0%         3d3       100%        4
 Olgreb's Toxic Radiance  Pois           0%         N/A       100%        4
 Petrify                  Tmut/Erth      0%         N/A       100%        4
 Summon Lightning Spire   Summ/Air       0%         N/A       100%        4
 Agony                    Necr           0%         N/A       100%        5
 Lightning Bolt           Conj/Air       0%         1d11      100%        5
 Metabolic Englaciation   Hex/Ice        0%         N/A       100%        5
 Silence                  Hex/Air        0%         N/A       100%        5
 Summon Cactus Giant      Summ           0%         N/A       100%        6
 Enfeeble                 Hex            0%         N/A       100%        7
 Statue Form              Tmut/Erth      Unusable   N/A       N/A         6

Dungeon Overview and Level Annotations

Branches:
Dungeon (13/15)            Temple (1/1) D:4            Lair (0/5) D:11
    Orc (0/2) D:10
 Vaults: D:13-14

Altars:
Ashenzari
Cheibriados
Dithmenos
Elyvilon
Fedhas
Gozag
Hepliaklqana
Kikubaaqudgha
Makhleb
Nemelex Xobeh
Okawaru
Qazlal
Ru
Sif Muna
Trog
Uskayaw
Vehumet
Wu Jian
Xom
Yredelemnul
Zin
The Shining One

Shops:
D:6 :   D:10 (

Annotations:
D:3 3 runed translucent doors, ILmort's ghost, weakling BaHu; kwasso's ghost, weakling DsSu; tmanko's ghost, amateur GrFi
D:8 2 transporters, Cape's ghost, novice MiBe


Innate Abilities, Weirdness & Mutations

You are immune to sickness and miasma.
Your stone body is resilient. (AC +8)
You are immune to poison.
You resist negative energy. (rN+)
You are resistant to electric shocks. (rElec)
You are resistant to unholy torment.
You are immune to petrification.


Message History

Cheibriados raises the support of your attributes as your movement slows.
Deactivating autopickup; reactivate with Ctrl-A.
You closely miss something.
The shadow strikes at you from the darkness!
* * * LOW HITPOINT WARNING * * *
Reactivating autopickup.
You hit the shadow but do no damage. You block the shadow's attack.
You barely miss the shadow. You block the shadow's attack.
You completely miss the shadow.
The shadow slips into darkness.
The shadow flickers and vanishes!
Deactivating autopickup; reactivate with Ctrl-A.
You closely miss something.
The shadow strikes at you from the darkness!
Reactivating autopickup.
You hit the shadow.
The shadow is lightly damaged.
A centaur warrior zombie comes into view.
The shadow slips into darkness.
The shadow flickers and vanishes!
Deactivating autopickup; reactivate with Ctrl-A.
You closely miss something.
The shadow strikes at you from the darkness!
* * * LOW HITPOINT WARNING * * *
Reactivating autopickup.
You barely miss the shadow.
The shadow is lightly damaged.
The shadow slips into darkness.
The shadow flickers and vanishes!
Deactivating autopickup; reactivate with Ctrl-A.
A skeletal warrior comes into view. It is wielding a +0 halberd.
You sock something!
The shadow strikes at you from the darkness!
You hit something.
Cheibriados appreciates the change of pace.
Reactivating autopickup.
You feel a bit more experienced.
You block the skeletal warrior's attack.
The skeletal warrior hits you with a +0 halberd!
You die...

..# #.. ##...
#.... ......
### #....Z#
... .....Zz##
#.. #@###.#
##.#.# #..#
###..# #....#
##.##.#
#.#.####...#.#
#.....<......#
###.####...###


You could see a skeletal warrior and 2 centaur warrior zombies.

Vanquished Creatures
  A hydra (D:12)
  A centaur warrior (D:10)
  2 two-headed ogres
  Pikel (D:4)
  2 ugly things
  A manticore (D:12)
  A gargoyle (D:11)
  A kobold demonologist (D:10)
  A komodo dragon (D:11)
  6 trolls
  Sigmund (D:2)
  4 shadows
  5 yaks
  A wraith (D:9)
  A human (D:10)
  Eustachio (D:4)
  5 vampire mosquitoes (D:12)
  An acid dragon (D:9)
  2 water moccasins
  5 orc warriors
  2 black bears
  A sky beast (D:8)
  3 ogres (D:6)
  3 centaurs
  A lemure (D:4)
  2 kobold brigands
  5 bullfrogs
  2 necrophages
  A gnoll sergeant (D:9)
  5 scorpions
  15 wights
  10 killer bees
  An electric eel (D:6)
  4 howler monkeys
  2 hounds (D:5)
  16 orc priests
  Terence (D:3)
  Jessica (D:2)
  An iguana (D:5)
  Ijyb (D:5)
  Natasha (D:3)
  8 orc wizards
  5 gnolls
  13 adders
  A shadow imp (D:6)
  A white imp (D:6)
  A worm (D:4)
  36 orcs
  6 endoplasms
  5 giant cockroaches
  17 goblins
  13 hobgoblins
  3 jackals (D:2)
  17 kobolds
  3 quokkas
  6 ball pythons
  5 bats
  5 frilled lizards
  7 rats
273 creatures vanquished.

Vanquished Creatures (others)
  21 fungi (D:11)
  18 plants (D:11)
39 creatures vanquished.

Grand Total: 312 creatures vanquished

Notes
Turn   | Place    | Note
-------+----------+-------------------------------------------
     0 | D:1      | Ijustatesigmund the Gargoyle Fighter began the quest for
                  | the Orb.
     0 | D:1      | Reached XP level 1. HP: 14/14 MP: 1/1
   173 | D:1      | Reached XP level 2. HP: 19/19 MP: 2/2
   801 | D:1      | Reached XP level 3. HP: 24/24 MP: 3/3
  1425 | D:2      | Reached XP level 4. HP: 30/30 MP: 4/4
  1514 | D:2      | Noticed Jessica
  1526 | D:2      | Killed Jessica
  1786 | D:2      | Reached XP level 5. HP: 34/34 MP: 5/5
  2135 | D:2      | Noticed Sigmund
  2146 | D:2      | Killed Sigmund
  2147 | D:2      | Reached skill level 5 in Fighting
  2147 | D:2      | Reached XP level 6. HP: 21/41 MP: 6/6
  2739 | D:3      | Noticed Natasha
  2746 | D:3      | Killed Natasha
  2784 | D:3      | Found a faded altar of an unknown god.
  2785 | D:3      | Noticed a shining eye
  2786 | D:3      | Noticed a great orb of eyes
  2792 | D:3      | Noticed an eye of devastation
  2802 | D:3      | Noticed a floating eye
  3000 | D:3      | Found a runed translucent gate.
  3000 | D:3      | Found a runed translucent gate.
  3000 | D:3      | Found a runed translucent gate.
  3082 | D:3      | Found a burning altar of Makhleb.
  3084 | D:3      | Noticed a blizzard demon
  3107 | D:3      | Noticed Terence
  3113 | D:3      | Killed Terence
  3114 | D:3      | Reached skill level 5 in Maces & Flails
  3231 | D:3      | Noticed ILmort's ghost (weakling BaHu)
  3231 | D:3      | Noticed tmanko's ghost (amateur GrFi)
  3231 | D:3      | Noticed kwasso's ghost (weakling DsSu)
  3346 | D:4      | Reached XP level 7. HP: 31/46 MP: 7/7
  3750 | D:4      | Noticed Pikel
  3776 | D:4      | Killed Pikel
  3777 | D:4      | Reached XP level 8. HP: 32/54 MP: 8/8
  4116 | D:4      | Found a staircase to the Ecumenical Temple.
  4175 | D:4      | Noticed Eustachio
  4189 | D:4      | Killed Eustachio
  4190 | D:4      | Reached skill level 4 in Shields
  4677 | D:5      | Entered Level 5 of the Dungeon
  4827 | D:5      | Noticed Ijyb
  4834 | D:5      | Killed Ijyb
  5064 | D:5      | Reached skill level 5 in Shields
  5836 | D:6      | Found Paloekui's Book Emporium.
  5849 | D:6      | Reached skill level 6 in Shields
  5907 | D:6      | Reached XP level 9. HP: 29/60 MP: 9/9
  6241 | Temple   | Entered the Ecumenical Temple
  6691 | Temple   | Became a worshipper of Cheibriados the Contemplative
  6772 | D:6      | Found a white marble altar of Elyvilon.
  6778 | D:6      | Reached skill level 10 in Fighting
  6778 | D:6      | Reached skill level 10 in Shields
  6778 | D:6      | Reached skill level 5 in Invocations
  6778 | D:6      | Reached XP level 10. HP: 68/68 MP: 9/14
  6922 | D:6      | Found a glowing silver altar of Zin.
  7668 | D:7      | Reached * piety under Cheibriados
  7697 | D:7      | Reached skill level 11 in Shields
  8126 | D:7      | Found a glowing golden altar of the Shining One.
  8128 | D:7      | Found a sparkling altar of Nemelex Xobeh.
  8157 | D:7      | Found an iron altar of Okawaru.
  8264 | D:8      | Noticed a four-headed hydra
  8267 | D:8      | Noticed Cape's ghost (novice MiBe)
  8624 | D:8      | Reached skill level 1 in Dodging
  8746 | D:8      | Found a blossoming altar of Fedhas.
  8764 | D:8      | Found a transporter.
  8769 | D:8      | Found a transporter.
  9069 | D:9      | Reached ** piety under Cheibriados
  9104 | D:9      | Found a stormy altar of Qazlal.
  9154 | D:9      | Noticed a two-headed ogre
  9163 | D:9      | Killed a two-headed ogre
  9164 | D:9      | Reached skill level 1 in Evocations
  9302 | D:9      | Found a hazy altar of Hepliaklqana.
  9538 | D:9      | Found an ornate altar of the Wu Jian Council.
  9546 | D:9      | Reached XP level 11. HP: 49/73 MP: 16/16
 10003 | D:10     | Entered Level 10 of the Dungeon
 10119 | D:10     | Noticed a centaur warrior
 10129 | D:10     | Reached skill level 12 in Shields
 10130 | D:10     | Found a staircase to the Orcish Mines.
 10348 | D:10     | Noticed a two-headed ogre
 10360 | D:10     | Killed a two-headed ogre
 10586 | D:10     | Killed a centaur warrior
 10611 | D:10     | Reached *** piety under Cheibriados
 10765 | D:10     | Found Ytiuc's Weapon Emporium.
 11773 | D:11     | Found a bloodstained altar of Trog.
 11945 | D:11     | Found a staircase to the Lair.
 11988 | D:11     | Reached **** piety under Cheibriados
 11989 | D:11     | Reached skill level 13 in Shields
 11989 | D:11     | Noticed a green ugly thing
 12001 | D:11     | Killed a green ugly thing
 12975 | D:12     | Noticed a brown ugly thing
 12987 | D:12     | Killed a brown ugly thing
 13007 | D:12     | Reached XP level 12. HP: 77/79 MP: 18/18
 13284 | D:12     | Noticed a five-headed hydra
 13289 | D:12     | Killed a five-headed hydra
 13290 | D:12     | Reached skill level 14 in Shields
 13644 | D:13     | Slain by a skeletal warrior

Illustrated notes

Levels and vault maps discovered:
D:1:      lightli_arrival_quake, layout_loops_ring
D:2:      layout_basic, st_stairs_1, minmay_misc_feat_rows,
          kennysheep_generic_room_15, uniq_sigmund, uniq_jessica
D:3:      layout_loops_ring, makhleb_altar_promises_db,
          hellmonk_ecumenical_altar_watching_god, gammafunk_ghost_cemetery,
          corexii_shack, minmay_checkerbox, uniq_natasha, uniq_terence
D:4:      cheibrodos_greedy_goblins, layout_cave_pods, minmay_temple_entry_tees,
          uniq_eustachio, uniq_pikel
D:5:      layout_loops_ring, chequers_serial_rivers_marsh, uniq_ijyb
D:6:      layout_cave_pools, mainiacjoe_overflow_catch_the_wave, serial_shops,
          nicolae_shop_waterfront, kennysheep_small_spiral
D:7:      layout_rooms, okawaru_altar_gauntlet_db, minitemple
D:8:      layout_basic, lemuel_doored_altar, nzn_ghost_randoct
D:9:      layout_basic, lemuel_tele_altar, nzn_wu_jian_council_hall,
          mainiacjoe_overflow_catwalk
D:10:     layout_gridville, erik_orc_4, serial_co_window_serial,
          co_window_paths_a, co_window_paths_b, co_window_of_opportunity_a,
          co_window_paths_a, co_window_paths_b, co_window_cross_1,
          co_window_corner_a, co_window_of_opportunity_c, co_window_broadway_b,
          co_window_broadway_c, co_window_corner_ca, co_window_4corner_b,
          co_window_paths_e, glass_columns_b, glass_columns_a, glass_columns_b,
          serial_shops, nicolae_shop_statue_plus
D:11:     layout_roguey, grunt_lair_entry_orc_guard_hut,
          david_defended_altar_orc
D:12:     layout_rooms
D:13:     layout_loops_ring, serial_undead, serial_undead_a, serial_undead_a,
          serial_undead_a, serial_undead_f
Temple:   minmay_temple_forest_path

Skill      XL: |  1  2  3  4  5  6  7  8  9 10 11 12 |
---------------+-------------------------------------+-----
Fighting       | 4 5 6 7 8 10 | 10.7
Maces & Flails | 3 4 5 6 7 9 |  9.6
Shields        | 6 10 11 13 14 | 14.4
Armour         | 7 |  7.4
Invocations    | 5 6 8 9 |  9.3
Dodging        | 2 4 |  4.3
Evocations     | 1 4 |  4.4

Action                   |  1- 3 |  4- 6 |  7- 9 | 10-12 || total
-------------------------+-------+-------+-------+-------++-------
Melee: Flail             |   122 |   118 |   181 |   644 ||  1065
Throw: Javelin           |       |       |       |     2 ||     2
Invok: Bend Time         |       |       |       |     1 ||     1
Evoke: Wand              |       |       |       |     3 ||     3
  Use: Scroll            |     6 |     6 |     5 |    13 ||    30
       Potion            |       |     1 |     2 |     3 ||     6
Armor: Scale mail        |    58 |    65 |    51 |       ||   174
       Plate armour      |       |       |    12 |   414 ||   426
Dodge: Dodged            |    69 |    53 |    62 |   164 ||   348
Block: Buckler           |    21 |    18 |     7 |       ||    46
       Kite shield       |       |       |    67 |   628 ||   695
